 Dungeon Crawl Stone Soup version 0.28-a0-622-gbaef9634d7 (webtiles) character file.

Game seed: 13709876684972090507

2096 KristoblXynda the Cleaver (level 9, -2/96 HPs)
             Began as a Demonspawn Gladiator on Oct 7, 2021.
             Was a Believer of Okawaru.
             Slain by Pikel (19 damage)
             ... on level 7 of the Dungeon.
             The game lasted 00:11:51 (10230 turns).

KristoblXynda the Cleaver (Demonspawn Gladiator)   Turns: 10230, Time: 00:11:52

Health: -2/96      AC: 28    Str: 17    XL:     9   Next: 7%
Magic:  9/9        EV:  2    Int: 10    God:    Okawaru [**....]
Gold:   235        SH:  5    Dex: 15    Spells: 8/8 levels left

rFire   . . .      SeeInvis .   a - +0 war axe (flame)
rCold   + . .      Faith    .   (no shield)
rNeg    . . .      Spirit   .   (armour currently unavailable)
rPois   +          Reflect  +   (helmet currently unavailable)
rElec   .          Harm     .   (cloak currently unavailable)
rCorr   .          Rampage  .   (gloves currently unavailable)
Will    .....      NoTele   +   (boots currently unavailable)
Stlth   +.........              w - amulet of reflection
HPRegen 0.26/turn               k - ring of protection from cold
MPRegen 0.11/turn               b - +4 ring of protection

@: tree-form
A: stationary, stasis, torment immunity, boosted hp, (claws 2), (sturdy frame 2)
a: Renounce Religion, Heroism


You were on level 7 of the Dungeon.
You worshipped Okawaru.
Okawaru was pleased with you.
You were a tree.
You visited 2 branches of the dungeon, and saw 8 of its levels.
You also visited: Ossuary.

You collected 235 gold pieces.

Inventory:

Hand Weapons
 a - a +0 war axe of flaming (weapon)
Missiles
 d - 2 throwing nets (quivered)
Armour
 c - a +0 helmet (melded)
 e - a +0 cloak (melded)
 C - a +2 scale mail of fire resistance (melded)
Jewellery
 b - a +4 ring of protection (right branch)
 k - a ring of protection from cold (left branch)
 w - an amulet of reflection (around neck)
 y - an amulet of magic regeneration
 B - an amulet of regeneration
Wands
 v - a wand of iceblast (10)
 D - a wand of polymorph (12)
Scrolls
 i - 2 scrolls of teleportation
 j - a scroll of enchant armour
 l - a scroll of holy word {unknown}
 o - a scroll of amnesia
 u - 2 scrolls of identify
Potions
 f - 2 potions of cancellation
 h - a potion of heal wounds {unknown}
 m - 2 potions of magic
 n - a potion of resistance {unknown}
 p - a potion of ambrosia {unknown}
 q - 2 potions of mutation
 r - 2 potions of haste
 s - a potion of flight {unknown}
 t - 2 potions of brilliance
 x - a potion of attraction {unknown}
 z - 2 potions of curing
 A - a potion of degeneration {unknown}
 E - a potion of might


   Skills:
 - Level 3.2 Fighting
 * Level 8.2 Axes
 - Level 2.0 Throwing
 + Level 4.6 Armour
 + Level 6.1 Dodging


You had 8 spell levels left.
You didn't know any spells.
Your spell library contained the following spells:

 Spells                   Type           Power      Damage    Failure   Level
 Magic Dart               Conj           0%         1d3       36%         1
 Scorch                   Fire           0%         2d5       50%         2
 Mephitic Cloud           Conj/Pois/Air  0%         N/A       75%         3
 Flame Wave               Conj/Fire      0%         3d3       98%         4
 Fulminant Prism          Conj/Hex       0%         3d6       98%         4
 Iskenderun's Mystic Bla  Conj/Tloc      0%         2d3       98%         4
 Lee's Rapid Deconstruct  Erth           0%         3d5*      100%        5
 Call Imp                 Summ           Unusable   N/A       N/A         2
 Summon Cactus Giant      Summ           Unusable   N/A       N/A         6

Dungeon Overview and Level Annotations

Branches:
Dungeon (7/15)             Temple (1/1) D:4         Ossuary (visited)

Altars:
Cheibriados
Dithmenos
Elyvilon
Gozag
Hepliaklqana
Makhleb
Nemelex Xobeh
Okawaru
Ru
Sif Muna
Trog
Uskayaw
Vehumet
Wu Jian
Xom
The Shining One

Annotations:
D:6 Blork the orc
D:7 Pikel


Innate Abilities, Weirdness & Mutations

You are a tree.
Your roots penetrate the ground, keeping you stationary.
You cannot be teleported.
You are immune to unholy pain and torment.
Your maximum health is greatly increased.
Your equipment is partially melded.
((You have very sharp fingernails.))
((Your movements are less encumbered by armour. (ER -4)))


Message History

You hit the lemure but do no damage. Pikel misses you.
The lemure barely misses you. The lemure hits you but does no damage.
The scorpion closely misses you. The lemure hits you but does no damage.
You block the lemure's attack. Pikel closely misses you.
The lemure barely misses you.
As you read the scroll of teleportation, it crumbles to dust.
You feel strangely unstable. The scorpion closely misses you.
The lemure barely misses you. The lemure closely misses you. x3
The scorpion stings you.
* * * LOW HITPOINT WARNING * * *
Your surroundings suddenly seem different.
You start resting.
There are monsters nearby!
You see here a +0 ring mail.
You start resting.
Pikel is nearby!
Aiming: Iceblast
Press: ? - help, Shift-Dir - straight line, f - Pikel
Aim: Pikel, wielding a +0 whip of electrocution and wearing a +0 robe (lightly wounded)
The mass of ice explodes!
The iceblast engulfs Pikel!
Pikel is moderately wounded.
You hear a shout! x2
Okay, then.
Pikel is nearby!
You miss Pikel.
Pikel is moderately wounded.
Pikel barely misses you.
Okay, then.
Really quaff the potion of lignification?
You turn into a tree.
Your +0 cloak melds into your body.
Your +0 helmet melds into your body.
Your +2 scale mail of fire resistance melds into your body.
You feel less resistant to fire.
Your roots penetrate the ground.
Pikel hits you but does no damage.
You are electrocuted!
* * * LOW HITPOINT WARNING * * *
Unknown command.
You hit Pikel. You burn Pikel.
Pikel is heavily wounded.
Pikel hits you but does no damage.
You are electrocuted!!
You die...

###.##.# #..# .......# #..#
.##.##.## #... ).#.##..# #..#
..#.##..# #..# ..#.##..########
#..# ..#.##..........
#..##########
#.#.####.###########...........##
..#.......5....K♣...#.####.......
#.#######.#########.#.# #.......
<...#.............#.#.# #.......
###.#.###.[######.#.#.# #.......
..#.#.####.######.#.#.####.......
#.#..............................
#.#.........................##.##
#.........K....................#
#8#.........................####


You could see Pikel and a lemure.

Vanquished Creatures
  A wraith (Ossuary)
  Eustachio (D:4)
  A sky beast (D:5)
  4 ogres
  A centaur (D:7)
  2 bullfrogs (D:6)
  3 scorpions
  8 wights
  3 jellies
  2 centaur zombies
  2 orc priests
  Crazy Yiuf (D:2)
  A gnoll shaman (D:5)
  Ijyb (D:4)
  3 iguanas
  2 orc wizards (D:3)
  A killer bee zombie (D:4)
  A hound zombie (D:5)
  A mummy (Ossuary)
  8 gnolls
  6 adders
  A shadow imp (D:7)
  An adder skeleton (D:4)
  2 dart slugs
  9 orcs
  8 ball pythons
  8 endoplasms
  2 giant cockroaches
  5 goblins
  5 hobgoblins
  9 kobolds
  2 quokkas
  3 bats (D:1)
  3 frilled lizards (D:1)
  9 gnoll skeletons (Ossuary)
  4 kobold skeletons (Ossuary)
  12 orc skeletons (Ossuary)
  A rat (D:3)
137 creatures vanquished.

Vanquished Creatures (others)
  11 plants (D:7)
11 creatures vanquished.

Grand Total: 148 creatures vanquished

Notes
Turn   | Place    | Note
-------+----------+-------------------------------------------
     0 | D:1      | KristoblXynda the Demonspawn Gladiator began the quest for
                  | the Orb.
     0 | D:1      | Reached XP level 1. HP: 16/16 MP: 1/1
   285 | D:1      | Found a faded altar of an unknown god.
   543 | D:1      | Gained mutation: You have sharp fingernails. [demonic
                  | ancestry]
   543 | D:1      | Reached XP level 2. HP: 19/22 MP: 2/2
   837 | D:1      | Reached skill level 3 in Axes
  2183 | D:2      | Reached XP level 3. HP: 17/23 MP: 3/3
  2730 | D:2      | Reached XP level 4. HP: 28/33 MP: 4/4
  2851 | D:2      | Found a runed translucent door.
  2852 | D:2      | Noticed Crazy Yiuf
  3321 | D:2      | Killed Crazy Yiuf
  3780 | D:3      | Reached skill level 4 in Axes
  3785 | D:3      | Gained mutation: Your movements are slightly less
                  | encumbered by armour. (ER -2) [demonic ancestry]
  3785 | D:3      | Reached XP level 5. HP: 11/41 MP: 5/5
  4129 | D:3      | Found a snail-covered altar of Cheibriados.
  4744 | D:4      | Noticed an ogre
  4754 | D:4      | Killed an ogre
  4755 | D:4      | Gained mutation: You have very sharp fingernails. [demonic
                  | ancestry]
  4755 | D:4      | Reached XP level 6. HP: 40/47 MP: 6/6
  4873 | D:4      | Found a staircase to the Ecumenical Temple.
  4883 | Temple   | Entered the Ecumenical Temple
  4888 | Temple   | Reached skill level 1 in Armour
  5169 | Temple   | Became a worshipper of Warmaster Okawaru
  5327 | Temple   | Reached skill level 5 in Axes
  5934 | D:4      | Noticed Ijyb
  5953 | D:4      | Killed Ijyb
  5954 | D:4      | Gained mutation: Your movements are less encumbered by
                  | armour. (ER -4) [demonic ancestry]
  5954 | D:4      | Reached XP level 7. HP: 42/52 MP: 7/7
  6453 | D:4      | Noticed Eustachio
  6475 | D:4      | Killed Eustachio
  6475 | D:4      | Reached * piety under Okawaru
  6476 | D:4      | Reached skill level 6 in Axes
  6852 | D:5      | Entered Level 5 of the Dungeon
  7196 | D:5      | Reached skill level 5 in Dodging
  7196 | D:5      | Reached XP level 8. HP: 56/58 MP: 6/8
  7918 | D:5      | Reached ** piety under Okawaru
  7926 | D:5      | Reached skill level 7 in Axes
  9085 | D:6      | Noticed Blork the orc
  9099 | D:6      | Found a shimmering blue altar of Sif Muna.
  9545 | D:7      | Found a sand-covered staircase.
  9550 | Ossuary  | Entered an ossuary
  9774 | D:7      | Reached skill level 8 in Axes
  9793 | D:7      | Reached XP level 9. HP: 47/64 MP: 9/9
 10177 | D:7      | Noticed Pikel
 10230 | D:7      | Slain by Pikel

Illustrated notes

Levels and vault maps discovered:
D:1:      roderic_lyre, layout_loops_cross, ebering_ecumenical_altar_box,
          minmay_crystal_water, minmay_close_crescents
D:2:      layout_loops_cross, uniq_crazy_yiuf_cottage
D:3:      layout_basic, cheibriados_altar_2
D:4:      layout_loops_corners, minmay_temple_entry_slanted, minivault_19,
          kennysheep_generic_room_2, uniq_ijyb, uniq_eustachio
D:5:      layout_layer_cave
D:6:      layout_loops_cross, tgw_sif
D:7:      layout_basic, fedhas_altar_decomposition,
          lemuel_coloured_pillars_altar, lightli_ossuary_entry_decrepit_ruins,
          uniq_pikel, uniq_maggie
Temple:   eino_narrow_crystal_temple

Skill      XL: |  1  2  3  4  5  6  7  8 |
---------------+-------------------------+-----
Throwing       | 2 |  2.0
Axes           | 3 4 5 6 8 |  8.2
Dodging        | 3 4 5 6 |  6.1
Fighting       | 3 |  3.2
Armour         | 2 3 4 |  4.6

Action                   |  1- 3 |  4- 6 |  7- 9 || total
-------------------------+-------+-------+-------++-------
Melee: War axe           |   127 |   167 |   251 ||   545
Throw: Throwing net      |     1 |       |       ||     1
Evoke: Wand              |       |       |     1 ||     1
  Use: Scroll            |       |     4 |    13 ||    17
       Potion            |       |     1 |     2 ||     3
 Stab: Sleeping          |     1 |       |       ||     1
Armor: Leather armour    |    34 |       |       ||    34
       Ring mail         |    22 |    93 |   132 ||   247
       Skin              |       |       |    10 ||    10
       Scale mail        |       |       |     7 ||     7
Dodge: Dodged            |    82 |   110 |   171 ||   363
Block: Other             |       |       |    29 ||    29

Table legend: (Time is in decaauts)
 A = Elapsed time spent in this place.
 B = Non-inter-level travel time spent in this place.
 C = Inter-level travel time spent in this place.
 D = Time resting spent in this place.
 E = Time spent auto-exploring this place.
 F = Levels seen in this place.
 G = Mean time per level.
                   A        B        C        D        E       F      G
               +--------+--------+--------+--------+--------+-----+--------+
         Total |  10362 |  10056 |    306 |   2555 |   6102 |   9 | 1151.3 |
       Dungeon |   9323 |   9031 |    292 |   1942 |   5868 |   7 | 1331.9 |
        Temple |    820 |    806 |     14 |    613 |    116 |   1 |  820.0 |
       Ossuary |    219 |    219 |      0 |      0 |    118 |   1 |  219.0 |
               +--------+--------+--------+--------+--------+-----+--------+

Top non-repeatable levels by time:
     D:1: 1849 daAuts
     D:2: 1828 daAuts
     D:5: 1585 daAuts
     D:4: 1323 daAuts
     D:3: 1137 daAuts
     D:6: 1056 daAuts
  Temple: 820 daAuts
     D:7: 542 daAuts
 Ossuary: 219 daAuts
